Bojr Johansen, neutral male human Ranger --- ---.--- ----- --.....-----...----------- ----........^................. |.................-------...-- |...--.....|.---...-- |..[..| --..|---..------....| --....---- |-.--- |.....----.......-- |..^..| ---....[..|.........--- |.....---- |....)).[....)%|.|....--- --.......---......--<--...|----....| |...............-------..| |....------ ---.......----..| --.| ---...|h..- --....--- |.| |...@.... |..--- ----.| --...--. ---- --....| |.d.| |...--- --...- |...| |...|.. --.-- --.--.. --- --- Bojr Johansen the Ranger Experience level: 4 Strength: 17 Dexterity: 10 Constitution: 15 Intelligence: 13 Wisdom: 13 Charisma: 7 Health: 0(27) Energy: 18(18) Def: 7 Gold: 357 Moves: 1380 Dungeon seed [set]: Game ID: Bojr Johansen_1704915901 Your Inventory: Coins $ - 357 gold pieces Weapons a - a blessed +1 dagger named Sting (alternate weapon; not wielded) b - an uncursed +2 bow (weapon in hand) c - 52 blessed +2 arrows d - 38 blessed +0 arrows o - 2 uncursed +0 orcish daggers w - 6 uncursed +0 daggers x - a blessed +1 dagger A - 7 cursed -1 arrows B - an uncursed +0 flail J - 13 cursed -2 arrows (in quiver) K - 7 cursed -1 darts L - 5 uncursed +0 darts Armor e - an uncursed +3 cloak of displacement (being worn) q - an uncursed +0 orcish helm (being worn) r - an uncursed +0 pair of iron shoes (being worn) Comestibles f - 5 uncursed cram rations i - 4 uncursed food rations v - an uncursed sprig of wolfsbane Potions j - a blessed potion of paralysis k - a blessed potion of levitation l - an uncursed potion of invisibility p - a blessed potion of booze u - a cursed potion of gain energy D - an uncursed potion of enlightenment Rings m - an uncursed ring of slow digestion (on left hand) Wands g - an uncursed wand of slow monster (0:3) Tools C - a blessed partly used tallow candle (lit) (0:30) E - an uncursed sack Gems n - 17 uncursed rocks y - an uncursed worthless piece of blue glass z - an uncursed worthless piece of white glass N - an uncursed worthless piece of yellowish brown glass Spells and supernatural/magical abilities: Name Level Category Fail Memory W - pray for help -- divine ? -- Your skills at the end: Miscellaneous Skills wands [Basic] Weapon Skills dagger [Basic] bow [Basic] Spellcasting Skills Final Attributes: You were devoutly aligned. You had automatic searching. You were displaced. You were somewhat stealthy. You had slower digestion. You are dead. Vanquished creatures: a large mimic 2 gnome lords 2 dwarves an iguana a hobbit an acid blob 3 giant rats 2 cave spiders a yellow mold a red mold 8 gnomes 3 jackals 4 newts 3 goblins 2 sewer rats 6 grid bugs 2 lichens a kobold zombie 44 creatures vanquished. Voluntary challenges: You did not cause conflict. You were not invisible. You did not have reflection. You did not donate to any temples.. You used a wielded weapon 44 times, starting on turn 7. You did not apply a unicorn horn. You did not use sinks. You did not drink any magical draughts. You read items or engraved 2 times, starting on turn 29. You never genocided any monsters. You never polymorphed an object. You never changed form. You used no wishes. You did not use any artifacts. You never split a pudding. You never wrote Elbereth's name. You violated your moral code, losing 1 point of alignment, starting on turn 851. Dungeon overview: The Dungeons of Doom: levels 1 to 3 Level 1 an altar to Mars a long staircase Level 2 a jewelry store Level 3 a bookstore stairs to The Gnomish Mines The Gnomish Mines: Level 4 <- You were here stairs to The Dungeons of Doom History has recorded: On T:1 you entered the Dungeons of Doom to retrieve the Amulet of Yendor! On T:282 you reached level 2 of The Dungeons of Doom. On T:514 you prayed to Venus. On T:521 you advanced to experience level 2. On T:685 you reached level 3 of The Dungeons of Doom. On T:714 you advanced to experience level 3. On T:1166 you reached level 1 of The Gnomish Mines. On T:1176 you advanced to experience level 4. On T:1202 you prayed to Venus. Score breakdown: Gold: 357 ( 35 points) Experience: 4 levels ( 300 points) Exploration: 4 levels ( 90 points) Discoveries: 2 items ( 100 points) Variety of kills: 18 monsters ( 900 points) Major goal: (nothing yet) ( 0 points) Survival: died (score multiplied by 3) Total score: 4275 Latest messages: There are a few objects here. L - 5 darts. This gnome lord corpse tastes terrible! Your candle is getting short. You're having a hard time getting all of it down. You displace Sirius. The iguana just misses! You stab the iguana. You kill the iguana! You see here an iguana corpse. This iguana corpse tastes terrible! You finish eating the iguana corpse. You are carrying too much to get through. (3x) The dwarf thrusts one of his stout spears at you. The dwarf jabs you! You are now wielding your bow. a - a blessed +1 dagger named Sting (alternate weapon; not wielded). The dwarf thrusts one of his stout spears at you. The dwarf jabs you! You die... Final status: Goodbye Bojr Johansen the Ranger, killed by a dwarf... You died in The Gnomish Mines on dungeon level 4 with 4275 points, and 357 pieces of gold, after 1380 moves. You were level 4 with a maximum of 27 hit points when you died.